 Dungeon Crawl Stone Soup version 0.28-a0-1624-g820543e53a (webtiles) character file.

Game seed: 6767912072882759270

21 Sabo the Magician (level 2, -1/20 HPs)
             Began as a Palentonga Hedge Wizard on Jan 23, 2022.
             Slain by a gnoll (4 damage)
             ... on level 1 of the Dungeon.
             The game lasted 00:07:26 (1645 turns).

Sabo the Magician (Palentonga Hedge Wizard)         Turns: 1645, Time: 00:07:26

Health: -1/20      AC:  6    Str: 13    XL:     2   Next: 62%
Magic:  3/6        EV:  9    Int: 14    God:
Gold:   21         SH:  0    Dex:  9    Spells: 6/7 levels left

rFire   . . .      SeeInvis +   j - +0 trident
rCold   . . .      Faith    .   (no shield)
rNeg    . . .      Spirit   .   h - +2 leather armour {rPois}
rPois   +          Reflect  .   c - +0 hat
rElec   .          Harm     .   (no cloak)
rCorr   .          Rampage  .   (no gloves)
Will    .....                   (no barding)
Stlth   +.........              (no amulet)
HPRegen 0.06/turn               (no ring)
MPRegen 0.10/turn               (no ring)

@: very slightly contaminated
A: large, rugged brown scales 3, see invisible, deformed body, roll 1, armoured
tail
a: Rolling Charge


You were on level 1 of the Dungeon.
You visited 1 branch of the dungeon, and saw 1 of its levels.

You collected 21 gold pieces.

Inventory:

Hand Weapons
 j - a +0 trident (weapon)
Missiles
 g - 19 bolts
 i - 17 sling bullets
Armour
 b - a +0 robe
 c - a +0 hat (worn)
 h - a +2 leather armour of poison resistance (worn)
Scrolls
 d - a scroll of amnesia {unknown}
 e - 2 scrolls of blinking {unknown}
Potions
 a - a potion of attraction {unknown}


   Skills:
 + Level 0.1 Fighting
 + Level 0.1 Short Blades
 + Level 2.0 Dodging
 + Level 1.2 Stealth
 + Level 3.3 Spellcasting
 + Level 1.2 Conjurations
 + Level 0.7 Summonings
 + Level 1.0 Translocations


You had 6 spell levels left.
You knew the following spells:

 Your Spells              Type           Power      Damage    Failure   Level
a - Magic Dart            Conj           20%        1d4       16%         1

Your spell library contained the following spells:

 Spells                   Type           Power      Damage    Failure   Level
 Slow                     Hex            8%         N/A       26%         1
 Blink                    Tloc           10%        N/A       26%         2
 Call Imp                 Summ           4%         N/A       30%         2
 Ensorcelled Hibernation  Hex/Ice        4%         N/A       36%         2
 Passwall                 Tmut/Erth      1%         N/A       36%         2
 Conjure Flame            Conj/Fire      4%         6-21      52%         3
 Mephitic Cloud           Conj/Pois/Air  3%         N/A       56%         3
 Swiftness                Air            2%         N/A       61%         3


Dungeon Overview and Level Annotations

Branches:
Dungeon (1/15)

Altars:


Innate Abilities, Weirdness & Mutations

You are completely covered in rugged brown scales. (AC +3, +7% HP)
You have supernaturally acute eyesight. (SInv)
Armour fits poorly on your strangely shaped body.
You can roll at nearby foes to attack.
You have a long armoured tail.


Message History

Aim: a frilled lizard (100% to hit)
You miscast Magic Dart.
You are very lightly contaminated with residual magic.
Nothing appears to happen.
Casting: Magic Dart (safe; 16% risk of failure)
Confirm with . or Enter, or press ? or * to list all spells.
Aiming: Magic Dart (safe; 16% risk of failure)
Press: ? - help, Shift-Dir - straight line, f/p - frilled lizard
Aim: a frilled lizard (100% to hit)
The magic dart hits the frilled lizard.
You kill the frilled lizard!
The gnoll hits you from afar with a +0 spear.
Casting: Magic Dart (safe; 16% risk of failure)
Confirm with . or Enter, or press ? or * to list all spells.
Aiming: Magic Dart (safe; 16% risk of failure)
Press: ? - help, Shift-Dir - straight line, f - gnoll
Aim: a gnoll, wielding a +0 spear (100% to hit)
You miscast Magic Dart.
Nothing appears to happen.
The gnoll hits you but does no damage. The gnoll barely misses you.
You barely miss the gnoll. The gnoll hits you with a +0 spear.
The gnoll hits you but does no damage.
You barely miss the gnoll. The gnoll hits you but does no damage.
Casting: Magic Dart (safe; 16% risk of failure)
Confirm with . or Enter, or press ? or * to list all spells.
Aiming: Magic Dart (safe; 16% risk of failure)
Press: ? - help, Shift-Dir - straight line, f/p - gnoll
Aim: a gnoll, wielding a +0 spear (100% to hit)
The magic dart hits the gnoll.
The gnoll is moderately wounded.
The gnoll hits you with a +0 spear.
* * * LOW HITPOINT WARNING * * *
You hit the gnoll but do no damage. You tail-slap the gnoll.
The gnoll is almost dead.
The gnoll hits you with a +0 spear.
* * * LOW HITPOINT WARNING * * *
You closely miss the gnoll.
The gnoll is almost dead.
The gnoll hits you but does no damage. The gnoll hits you with a +0 spear.
You die...

###.##.#..#†#
#.#..##.#.#
#..#..#...#
#.#.#.#.#.#
#.##....#.#
#.....(...#
#####.#.###
#.#g# #@# #.#
#.# #.# #.#
#####.#
#.....#
#.##### ###
#.#.#


You could see a gnoll.

Vanquished Creatures
  A dart slug (D:1)
  2 ball pythons (D:1)
  An endoplasm (D:1)
  2 giant cockroaches (D:1)
  3 hobgoblins (D:1)
  A kobold (D:1)
  3 bats (D:1)
  3 frilled lizards (D:1)
  2 rats (D:1)
18 creatures vanquished.

Notes
Turn   | Place    | Note
-------+----------+-------------------------------------------
     0 | D:1      | Sabo the Palentonga Hedge Wizard began the quest for the
                  | Orb.
     0 | D:1      | Reached XP level 1. HP: 13/13 MP: 4/4
   538 | D:1      | Reached skill level 1 in Conjurations
   692 | D:1      | Reached XP level 2. HP: 20/20 MP: 0/6
  1645 | D:1      | Slain by a gnoll

Illustrated notes

Levels and vault maps discovered:
D:1:      lightli_arrival_boilingwater, layout_loops_ring

Skill      XL: |  1  2 |
---------------+-------+-----
Conjurations   | 1 |  1.2
Dodging        | 2 |  2.0
Fighting       | |  0.1
Short Blades   | |  0.1
Stealth        | |  1.2
Spellcasting   | |  3.3
Summonings     | |  0.7
Translocations | |  1.0

Action                   || total
-------------------------++-------
Melee: Dagger            ||     7
       Tailslap          ||     4
       Short sword       ||    16
       Trident           ||    13
 Cast: Magic Dart        ||    30
Armor: Robe              ||     1
       Leather armour    ||    19
Dodge: Dodged            ||    23

Table legend: (Time is in decaauts)
 A = Elapsed time spent in this place.
 B = Non-inter-level travel time spent in this place.
 C = Inter-level travel time spent in this place.
 D = Time resting spent in this place.
 E = Time spent auto-exploring this place.
 F = Levels seen in this place.
 G = Mean time per level.
                   A        B        C        D        E       F      G
               +--------+--------+--------+--------+--------+-----+--------+
         Total |   1661 |   1661 |      0 |    911 |      0 |   1 | 1661.0 |
       Dungeon |   1661 |   1661 |      0 |    911 |      0 |   1 | 1661.0 |
               +--------+--------+--------+--------+--------+-----+--------+

Top non-repeatable levels by time:
     D:1: 1661 daAuts
